AoeStats
← rikbandy

Oasis

509793662Analyzed
4v4 RM · 6d ago on Sep 28, 2026· 43m 13s· 8 players
Game mode
Random Map
Map size
Large (8 player)
Population
200
Speed
Normal
Resources
Standard
Victory
Conquest
Starting age
Dark Age
Ending age
Imperial Age
RankedLock teamsTeams togetherTeam positionsShared explorationLock speedFull tech treeHidden civsTurbo modeCheats
Victory
Defeat
🇨🇴 Byzantines · Colombia
1040
+13
🇺🇸 Huns · United States
1027
+14
🇦🇷 Magyars · Argentina
1006
+14
🇮🇳 Inca · India
993
+15
🇨🇴 Mapuche · Colombia
1005
-15
🇨🇴 Cumans · Colombia
992
-15
🇨🇴 Lithuanians · Colombia
979
-14
🇺🇸 Varangians · United States
914
-12
[MLZ] Uzux99
8:46 Loom
10:32 Feudal Age
22:28 Castle Age
21:38 Scale Barding Armor
21:23 Horse Collar
21:30 Double-Bit Axe
23:12 Gold Mining
25:11 Bloodlines
32:26 Chain Barding Armor
34:11 Heavy Plow
35:38 Gold Shaft Mining
34:54 Stone Mining
37:49 Imperial Age
37:26 Wheelbarrow
37:32 Husbandry
38:31 Cavalier
39:45 Hand Cart
39:17 Town Watch
40:14 Paladin
42:16 Crop Rotation
41:42 Stone Mining
rikbandy
7:07 Loom
11:33 Feudal Age
12:02 Double-Bit Axe
11:58 Horse Collar
14:11 Champi Runner
16:28 Forging
17:03 Scale Mail Armor
20:42 Wheelbarrow
21:15 Arson
25:23 Castle Age
24:55 Gold Mining
25:28 Champi Warrior
26:43 Bow Saw
26:44 Squires
27:07 Heavy Plow
27:55 Chain Mail Armor
29:19 Iron Casting
30:20 Stone Mining
32:14 Hand Cart
31:44 Town Watch
33:37 Gold Shaft Mining
41:39 Imperial Age
41:46 Elite Champi Warrior
43:02 Plate Mail Armor
43:33 Blast Furnace
HectorSquash24
12:14 Feudal Age
12:48 Double-Bit Axe
12:45 Horse Collar
23:18 Castle Age
22:35 Bloodlines
23:56 Scale Barding Armor
23:42 Fletching
23:53 Padded Archer Armor
24:04 Forging
24:31 Husbandry
26:22 Wheelbarrow
27:04 Bow Saw
27:40 Heavy Plow
29:23 Hand Cart
35:49 Thumb Ring
36:07 Bodkin Arrow
36:32 Chain Barding Armor
36:48 Iron Casting
37:50 Leather Archer Armor
38:46 Scale Mail Armor
43:04 Imperial Age
41:17 Chain Mail Armor
43:43 Ballistics
43:46 Bracer
44:22 Plate Barding Armor
44:48 Blast Furnace
43:10 Cavalier
ConejoMalo
11:08 Feudal Age
15:06 Fletching
15:32 Double-Bit Axe
15:49 Padded Archer Armor
20:43 Scale Mail Armor
24:17 Castle Age
23:05 Horse Collar
23:16 Gold Mining
24:18 Crossbowman
26:13 Bodkin Arrow
27:28 Ballistics
28:38 Loom
30:59 Bow Saw
32:23 Leather Archer Armor
33:11 Wheelbarrow
33:36 Heavy Plow
33:40 Scale Mail Armor
34:10 Thumb Ring
39:29 Imperial Age
37:16 Hand Cart
39:38 Arbalester
42:19 Chemistry
42:29 Bracer
Mauricio5555
6:15 Loom
6:23 Loom
11:13 Feudal Age
13:49 Double-Bit Axe
23:32 Horse Collar
29:41 Scale Mail Armor
34:00 Castle Age
34:45 Gold Mining
Pointpushh
1:49 Loom
2:17 Loom
3:54 Loom
11:58 Feudal Age
12:10 Man-at-Arms
22:17 Scale Mail Armor
22:29 Forging
28:16 Castle Age
26:33 Double-Bit Axe
26:54 Gold Mining
27:22 Horse Collar
29:08 Fletching
29:35 Chain Mail Armor
29:14 Pikeman
30:05 Elite Skirmisher
31:26 Pikeman
34:26 Bodkin Arrow
34:32 Padded Archer Armor
36:42 Town Watch
rmcruzv
7:02 Loom
8:58 Feudal Age
9:53 Double-Bit Axe
9:53 Horse Collar
17:06 Town Watch
19:12 Bloodlines
21:45 Castle Age
20:09 Forging
20:06 Scale Barding Armor
20:50 Bloodlines
22:38 Husbandry
21:58 Light Cavalry
26:01 Heavy Plow
26:25 Squires
27:25 Bow Saw
27:37 Pikeman
29:36 Chain Barding Armor
30:46 Town Patrol
32:11 Iron Casting
31:36 Scale Mail Armor
34:25 Gold Mining
34:50 Scale Mail Armor
39:47 Imperial Age
38:22 Wheelbarrow
40:25 Chain Mail Armor
40:11 Elite Leitis
40:51 Hill Forts
40:21 Cavalier
41:47 Plate Barding Armor
41:53 Hand Cart
ojkarq87
3:19 Loom
10:02 Feudal Age
18:39 Castle Age
17:42 Wheelbarrow
16:53 Loom
19:19 Forging
19:14 Scale Barding Armor
25:10 Iron Casting
31:24 Chain Barding Armor
32:38 Bloodlines
Connection lost

Rejoining the realm…

Still unreachable

The connection could not be restored.

Session expired

The server has moved on; the page needs a fresh start.